Americans vs Marlies

Created - Friday, January 02, 2015 at 23:34

Goals
1 2 3 T
Americans 1 0 0 1
Marlies 1 2 0 3
Shots
1 2 3 T
Americans 8 9 17 34
Marlies 10 6 3 19

1st period

1. Americans , Nate Schmidt 12 (Rasmus Ristolainen, Spencer Abbott) at 5:01 (PP)
2. Marlies , George Parros 21 (Shane Prince, Morgan Ellis) at 14:16

Penalties :
Brendon Nash (TOR) for Fighting (Major) at 0:46, Doug Janik (RCH) for Fighting (Major) at 0:46, Farm Player44 (TOR) for Tripping (Minor) at 4:27

2nd period

3. Marlies , Andrew Yogan 1 (Joel Armia, Brendon Nash) at 1:27 (PP)
4. Marlies , Rich Clune 4 (George Parros, Shane Prince) at 12:12 (PP)

Penalties :
Nick Drazenovic (RCH) for Holding (Minor) at 0:51, George Parros (TOR) for Fighting (Major) at 1:28, Davis Drewiske (RCH) for Fighting (Major) at 1:28, Kale Kessy (RCH) for Holding Stick (Minor) at 12:09

3rd period

No Goal

Penalties :
Farm Player31 (TOR) for Holding (Minor) at 3:50, George Parros (TOR) for Tripping (Minor) at 17:09

Goalie Stats

Louis Domingue (RCH), 16 saves from 19 shots - (0.842), L, 5-4-0, 60:00 minutes
Tyler Beskorowany (TOR), 33 saves from 34 shots - (0.971), W, 6-4-4, 60:00 minutes

Players Stats for Americans

Player Name              G  A  P  +/- PIM S  H  SB GA TA FO     MP     PP MP  PK MP  
------------------------------------------------------------------------------------
Christopher Breen        0  0  0   0  0   0  0  1  0  0  0/0     9:09   0:00   0:00 
Davis Drewiske           0  0  0   0  5   0  0  0  0  2  0/0    12:12   0:00   0:00 
Doug Janik               0  0  0   0  5   1  0  0  0  1  0/0    16:30   1:52   0:36 
Dylan DeMelo             0  0  0   0  0   0  0  0  0  0  0/0    15:39   0:00   0:00 
Farm Player9             0  0  0   0  0   0  0  0  0  0  0/0     7:28   0:00   0:00 
Jack Skille              0  0  0   0  0   5  1  1  2  0  0/0    16:42   2:05   0:00 
Jamie MacQueen           0  0  0   0  0   2  1  0  2  1  1/1    16:52   0:00   0:00 
Jerome Samson            0  0  0   0  0   3  4  0  2  1  1/2    22:58   1:34   0:39 
Kale Kessy               0  0  0   0  2   1  0  0  0  1  0/0    16:51   0:00   0:00 
Kevin Sundher            0  0  0   0  0   2  2  0  4  0  5/9    17:45   0:43   0:00 
Max Reinhart             0  0  0   0  0   1  3  0  2  2  5/12   22:58   1:34   0:39 
Maxime Sauve             0  0  0  -1  0   0  3  1  0  1  1/2    19:17   2:15   0:00 
Nate Schmidt             1  0  1  -1  0   7  1  1  2  2  0/0    20:22   2:40   0:03 
Nick Cousins             0  0  0   0  0   0  0  0  0  0  3/4     6:39   0:31   0:00 
Nick Drazenovic          0  0  0  -1  2   3  1  0  4  0  9/13   19:38   2:27   0:00 
Peter Andersson          0  0  0   0  0   0  1  0  0  0  0/0    18:16   1:52   0:36 
Rasmus Ristolainen       0  1  1  -1  0   4  1  0  3  2  0/0    20:22   2:40   0:03 
Spencer Abbott           0  1  1  -1  0   5  1  0  4  1  0/0    19:39   2:27   0:00 

Players Stats for Marlies

Player Name              G  A  P  +/- PIM S  H  SB GA TA FO     MP     PP MP  PK MP  
------------------------------------------------------------------------------------
Andrew Yogan             1  0  1   0  0   4  0  0  3  0  2/9    17:40   0:36   0:00 
Austen Brassard          0  0  0   1  0   0  0  0  0  0  0/1     8:16   0:00   0:00 
Brendon Nash             0  1  1   0  5   0  1  1  0  4  0/0    18:30   0:36   1:10 
Farm Player24            0  0  0   0  0   0  1  1  0  1  0/0    14:19   0:00   1:50 
Farm Player29            0  0  0   0  0   0  0  1  0  0  0/0    13:54   0:00   1:52 
Farm Player31            0  0  0   0  2   0  0  0  0  0  0/0    19:23   0:36   0:31 
Farm Player41            0  0  0   1  0   1  0  0  0  1  0/0     8:05   0:00   0:00 
Farm Player44            0  0  0   1  2   0  0  0  0  0  0/0     7:40   0:00   0:00 
Farm Player45            0  0  0   0  0   0  2  0  0  0  0/0    16:28   0:00   0:00 
George Parros            1  1  2   1  7   3  2  1  6  1  2/5    18:24   0:03   1:29 
Jake Hansen              0  0  0   0  0   1  1  0  3  1  1/1    18:09   0:00   0:00 
Jason Clark              0  0  0   0  0   0  1  0  2  1  5/9    17:32   0:00   0:42 
Joel Armia               0  1  1   0  0   2  3  3  4  2  0/0    17:40   0:36   0:00 
Jonathon Blum            0  0  0   0  0   1  0  0  1  0  0/0    21:50   0:03   3:22 
Morgan Ellis             0  1  1   0  0   1  2  0  0  4  0/0    19:55   0:36   1:10 
Rich Clune               1  0  1   0  0   1  2  1  2  1  0/1    14:52   0:03   0:00 
Scott Harrington         0  0  0   0  0   3  4  1  0  3  0/0    21:50   0:03   3:22 
Shane Prince             0  2  2   1  0   2  0  1  0  0  8/17   20:56   0:03   2:40 

3 Stars

1 - Tyler Beskorowany (TOR)
2 - Shane Prince (TOR)
3 - Rich Clune (TOR)

Power Play

Americans - 1 on 3 Attempt(s) - 33.33%
Marlies - 2 on 2 Attempt(s) - 100.00%

Penalty Kill

Americans - 0 on 2 Attempt(s) - 0.00% - Score 0 goal in Penalty Kill
Marlies - 2 on 3 Attempt(s) - 66.67% - Score 0 goal in Penalty Kill

Team Stat

Americans - Hits : 19 - Faceoff Wins : 25 - Blocked Shots : 4 - Penalty Minutes : 14
Marlies - Hits : 19 - Faceoff Wins : 18 - Blocked Shots : 10 - Penalty Minutes : 16

Official

Referees : Unknown
Linesman : Unknown

Game Notes

Doug Janik beats up Brendon Nash at 0:46 of 1st period
Davis Drewiske beats up George Parros at 1:28 of 2nd period

Finance

Level 1 -- Attendance: 1528 (76.40%) -- Ticket Income $53,480
Level 2 -- Attendance: 701 (70.10%) -- Ticket Income $7,010
Total Attendance: 2229 (74.30%)
Total Ticket Income: $60,490
Other Income: $29,640
Total Income: $90,130

Americans

5 vs 5 Forward 
   Center                   Left Wing                Right Wing               Time % Phy DF OF 
 1 Max Reinhart             Jack Skille              Jerome Samson            35     1   2  2  
 2 Nick Drazenovic          Maxime Sauve             Spencer Abbott           30     1   2  2  
 3 Kevin Sundher            Jamie MacQueen           Kale Kessy               22     1   2  2  
 4 Nick Cousins             Jerome Samson            Max Reinhart             13     1   2  2  

5 vs 5 Defense 
   Defense                  Defense                                           Time % Phy DF OF 
 1 Rasmus Ristolainen       Nate Schmidt                                      35     1   2  2  
 2 Doug Janik               Peter Andersson                                   30     1   2  2  
 3 Dylan DeMelo             Davis Drewiske                                    22     1   2  2  
 4 Christopher Breen        Farm Player9                                      13     1   2  2  

PowerPlay Forward 
   Center                   Left Wing                Right Wing               Time % Phy DF OF 
 1 Max Reinhart             Jack Skille              Jerome Samson            60     1   2  2  
 2 Nick Drazenovic          Maxime Sauve             Spencer Abbott           40     1   2  2  

PowerPlay Defense
   Defense                  Defense                                           Time % Phy DF OF 
 1 Rasmus Ristolainen       Nate Schmidt                                      60     1   2  2  
 2 Doug Janik               Peter Andersson                                   40     1   2  2  

Penalty Kill 4 Players Forward 
   Center                   Wing                     Time % Phy DF OF 
 1 Jerome Samson            Max Reinhart             60     1   2  2  
 2 Spencer Abbott           Jack Skille              40     1   2  2  

Penalty Kill 4 Players Defense
   Defense                  Defense                  Time % Phy DF OF 
 1 Rasmus Ristolainen       Nate Schmidt             60     1   2  2  
 2 Doug Janik               Peter Andersson          40     1   2  2  

Penalty Kill - 3 Players Forward 
   Forward                                           Time % Phy DF OF 
 1 Jerome Samson                                     60     1   2  2  
 2 Max Reinhart                                      40     1   2  2  

Penalty Kill - 3 Players Defense
   Defense                  Defense                  Time % Phy DF OF 
 1 Rasmus Ristolainen       Nate Schmidt             60     1   2  2  
 2 Doug Janik               Peter Andersson          40     1   2  2  

4 vs 4 Forward 
   Center                   Wing                     Time % Phy DF OF 
 1 Jerome Samson            Max Reinhart             60     1   2  2  
 2 Spencer Abbott           Jack Skille              40     1   2  2  

4 vs 4 Defense
   Defense                  Defense                  Time % Phy DF OF 
 1 Rasmus Ristolainen       Nate Schmidt             60     1   2  2  
 2 Doug Janik               Peter Andersson          40     1   2  2  

Last Minutes Offensive
   Center                   Left Wing                Right Wing               Defense                  Defense                  
   Max Reinhart             Jack Skille              Jerome Samson            Rasmus Ristolainen       Nate Schmidt             

Last Minutes Defensive
   Center                   Left Wing                Right Wing               Defense                  Defense                  
   Max Reinhart             Jack Skille              Jerome Samson            Rasmus Ristolainen       Nate Schmidt             

Goaltenders
Starting : Louis Domingue           
Backup : Petr Mrazek              

Extra Forwards
Normal : Kevin Sundher, Nick Cousins, Jamie MacQueen - PP : Kevin Sundher, Nick Cousins - PK : Jamie MacQueen
Extra Defensemen
Normal : Dylan DeMelo, Davis Drewiske, Christopher Breen - PP : Dylan DeMelo - PK : Davis Drewiske, Christopher Breen
Penalty Shots
Jerome Samson, Max Reinhart, Spencer Abbott, Jack Skille, Nick Drazenovic

Marlies

5 vs 5 Forward 
   Center                   Left Wing                Right Wing               Time % Phy DF OF 
 1 Shane Prince             Rich Clune               George Parros            35     1   2  2  
 2 Andrew Yogan             Farm Player31            Joel Armia               30     1   2  2  
 3 Jason Clark              Farm Player45            Jake Hansen              22     1   2  2  
 4 Shane Prince             George Parros            Austen Brassard          13     1   2  2  

5 vs 5 Defense 
   Defense                  Defense                                           Time % Phy DF OF 
 1 Jonathon Blum            Scott Harrington                                  35     1   2  2  
 2 Morgan Ellis             Brendon Nash                                      30     1   2  2  
 3 Farm Player29            Farm Player24                                     22     1   2  2  
 4 Farm Player44            Farm Player41                                     13     1   2  2  

PowerPlay Forward 
   Center                   Left Wing                Right Wing               Time % Phy DF OF 
 1 Shane Prince             Rich Clune               George Parros            60     1   2  2  
 2 Andrew Yogan             Farm Player31            Joel Armia               40     1   2  2  

PowerPlay Defense
   Defense                  Defense                                           Time % Phy DF OF 
 1 Jonathon Blum            Scott Harrington                                  60     1   2  2  
 2 Morgan Ellis             Brendon Nash                                      40     1   2  2  

Penalty Kill 4 Players Forward 
   Center                   Wing                     Time % Phy DF OF 
 1 Shane Prince             George Parros            60     1   2  2  
 2 Rich Clune               Joel Armia               40     1   2  2  

Penalty Kill 4 Players Defense
   Defense                  Defense                  Time % Phy DF OF 
 1 Jonathon Blum            Scott Harrington         60     1   2  2  
 2 Morgan Ellis             Brendon Nash             40     1   2  2  

Penalty Kill - 3 Players Forward 
   Forward                                           Time % Phy DF OF 
 1 Shane Prince                                      60     1   2  2  
 2 George Parros                                     40     1   2  2  

Penalty Kill - 3 Players Defense
   Defense                  Defense                  Time % Phy DF OF 
 1 Jonathon Blum            Scott Harrington         60     1   2  2  
 2 Morgan Ellis             Brendon Nash             40     1   2  2  

4 vs 4 Forward 
   Center                   Wing                     Time % Phy DF OF 
 1 Shane Prince             George Parros            60     1   2  2  
 2 Rich Clune               Joel Armia               40     1   2  2  

4 vs 4 Defense
   Defense                  Defense                  Time % Phy DF OF 
 1 Jonathon Blum            Scott Harrington         60     1   2  2  
 2 Morgan Ellis             Brendon Nash             40     1   2  2  

Last Minutes Offensive
   Center                   Left Wing                Right Wing               Defense                  Defense                  
   Shane Prince             Rich Clune               George Parros            Jonathon Blum            Scott Harrington         

Last Minutes Defensive
   Center                   Left Wing                Right Wing               Defense                  Defense                  
   Shane Prince             Rich Clune               George Parros            Jonathon Blum            Scott Harrington         

Goaltenders
Starting : Tyler Beskorowany        
Backup : Anders Nilsson           

Extra Forwards
Normal : Jake Hansen, Austen Brassard, Jason Clark - PP : Jake Hansen, Austen Brassard - PK : Jason Clark
Extra Defensemen
Normal : Farm Player29, Farm Player24, Farm Player45 - PP : Farm Player29 - PK : Farm Player24, Farm Player45
Penalty Shots
Shane Prince, George Parros, Rich Clune, Joel Armia, Jake Hansen

% Time on Ice - Americans

Lines # - Real PCT - Wanted PCT - Time Play
Normal Forward
1 - 27% - 35% - 14:37
2 - 31% - 30% - 17:12
3 - 31% - 22% - 16:52
4 - 11% - 13% - 6:08
Normal Defense
1 - 32% - 35% - 17:39
2 - 29% - 30% - 15:48
3 - 25% - 22% - 13:54
4 - 14% - 13% - 7:28
PP Forward
1 - 46% - 60% - 2:05
2 - 54% - 40% - 2:27
PP Defense
1 - 59% - 60% - 2:40
2 - 41% - 40% - 1:52
PK Forward
1 - 100% - 60% - 0:39
2 - 0% - 40% - 0:00
PK Defense
1 - 8% - 60% - 0:03
2 - 92% - 40% - 0:36
PK3 Forward
1 - 0% - 60%
2 - 0% - 40%
PK3 Defense
1 - 0% - 60%
2 - 0% - 40%
44 Forward
1 - 0% - 60%
2 - 0% - 40%
44 Defense
1 - 0% - 60%
2 - 0% - 40%
Last Minute Offensive  - 0:00
Last Minute Defensive  - 0:00
Total
Forward - 60:00
Defense - 60:00

% Time on Ice - Marlies

Lines # - Real PCT - Wanted PCT - Time Play
Normal Forward
1 - 31% - 35% - 16:49
2 - 31% - 30% - 17:04
3 - 29% - 22% - 16:00
4 - 9% - 13% - 4:56
Normal Defense
1 - 34% - 35% - 18:25
2 - 33% - 30% - 18:09
3 - 19% - 22% - 10:34
4 - 14% - 13% - 7:41
PP Forward
1 - 8% - 60% - 0:03
2 - 92% - 40% - 0:36
PP Defense
1 - 8% - 60% - 0:03
2 - 92% - 40% - 0:36
PK Forward
1 - 100% - 60% - 4:32
2 - 0% - 40% - 0:00
PK Defense
1 - 74% - 60% - 3:22
2 - 26% - 40% - 1:10
PK3 Forward
1 - 0% - 60%
2 - 0% - 40%
PK3 Defense
1 - 0% - 60%
2 - 0% - 40%
44 Forward
1 - 0% - 60%
2 - 0% - 40%
44 Defense
1 - 0% - 60%
2 - 0% - 40%
Last Minute Offensive  - 0:00
Last Minute Defensive  - 0:00
Total
Forward - 60:00
Defense - 60:00

Play by Play

1st period


0:01 of 1st period - Shane Prince wins face-off versus Max Reinhart in neutral zone.
0:32 of 1st period - Snap shot by Jack Skille.
0:32 of 1st period - Stopped by Tyler Beskorowany without a rebound.
0:33 of 1st period - Andrew Yogan wins face-off versus Nick Drazenovic in Marlies zone.
0:33 of 1st period - Andrew Yogan is hit by Spencer Abbott.
0:46 of 1st period - Doug Janik beats up Brendon Nash.
0:46 of 1st period - Penalty to Brendon Nash for Fighting.
0:46 of 1st period - Penalty to Doug Janik for Fighting.
0:47 of 1st period - Jamie MacQueen wins face-off versus Jason Clark in neutral zone.
1:00 of 1st period - Snap shot by Kevin Sundher.
1:00 of 1st period - Shot Blocked by Farm Player29.
1:23 of 1st period - Snap shot by Kevin Sundher.
1:23 of 1st period - Shot Misses the Net.
1:38 of 1st period - Slapshot by Peter Andersson.
1:38 of 1st period - Shot Blocked by Joel Armia.
1:40 of 1st period - Slapshot by Dylan DeMelo.
1:40 of 1st period - Shot Blocked by Joel Armia.
1:42 of 1st period - Snap shot by Spencer Abbott.
1:42 of 1st period - Shot Misses the Net.
1:44 of 1st period - Slapshot by Peter Andersson.
1:44 of 1st period - Shot Blocked by Joel Armia.
1:46 of 1st period - Slapshot by Peter Andersson.
1:46 of 1st period - Shot Blocked by Farm Player24.
2:18 of 1st period - Nate Schmidt is hit by Joel Armia and loses puck.
2:29 of 1st period - Backhand shot by Nate Schmidt.
2:29 of 1st period - Stopped by Tyler Beskorowany with a rebound.
2:51 of 1st period - Snap shot by Shane Prince.
2:51 of 1st period - Stopped by Louis Domingue without a rebound.
2:52 of 1st period - Kevin Sundher wins face-off versus Shane Prince in Americans zone.
2:57 of 1st period - Wrist shot by Kevin Sundher.
2:57 of 1st period - Stopped by Tyler Beskorowany with a rebound.
2:59 of 1st period - Slapshot by Jamie MacQueen.
2:59 of 1st period - Stopped by Tyler Beskorowany without a rebound.
3:00 of 1st period - Shane Prince wins face-off versus Kevin Sundher in Marlies zone.
3:00 of 1st period - Shane Prince is hit by Jamie MacQueen.
3:49 of 1st period - Slapshot by Jonathon Blum.
3:49 of 1st period - Stopped by Louis Domingue with a rebound.
3:51 of 1st period - Slapshot by Farm Player41.
3:51 of 1st period - Stopped by Louis Domingue without a rebound.
3:52 of 1st period - Jason Clark wins face-off versus Max Reinhart in Americans zone.
4:27 of 1st period - Minor Penalty to Farm Player44 for Tripping.
4:28 of 1st period - Shane Prince wins face-off versus Maxime Sauve in Marlies zone.
4:34 of 1st period - Snap shot by George Parros.
4:34 of 1st period - Stopped by Louis Domingue with a rebound.
4:53 of 1st period - Slapshot by Rasmus Ristolainen.
4:53 of 1st period - Shot Misses the Net.
4:55 of 1st period - Slapshot by Nate Schmidt.
4:55 of 1st period - Stopped by Tyler Beskorowany with a rebound.
4:57 of 1st period - Snap shot by Nate Schmidt.
4:57 of 1st period - Shot Misses the Net.
4:59 of 1st period - Backhand shot by Rasmus Ristolainen.
4:59 of 1st period - Shot Blocked by Shane Prince.
5:01 of 1st period - Slapshot by Nate Schmidt.
5:01 of 1st period - Goal by Nate Schmidt - Americans : 1 - Marlies : 0.
5:02 of 1st period - Max Reinhart wins face-off versus Andrew Yogan in neutral zone.
6:13 of 1st period - Slapshot by Jake Hansen.
6:13 of 1st period - Shot Blocked by Maxime Sauve.
6:51 of 1st period - Slapshot by Kale Kessy.
6:51 of 1st period - Deflect By Kevin Sundher.
6:51 of 1st period - Shot Hit the Post.
6:51 of 1st period - Puck is out of play.
6:52 of 1st period - Nick Cousins wins face-off versus Shane Prince in Marlies zone.
6:53 of 1st period - Snap shot by Jerome Samson.
6:53 of 1st period - Shot Misses the Net.
8:22 of 1st period - Morgan Ellis is hit by Kevin Sundher.
9:38 of 1st period - Slapshot by Jake Hansen.
9:38 of 1st period - Shot Blocked by Jack Skille.
11:31 of 1st period - Slapshot by Scott Harrington.
11:31 of 1st period - Shot Misses the Net.
11:33 of 1st period - Snap shot by Scott Harrington.
11:33 of 1st period - Stopped by Louis Domingue with a rebound.
11:35 of 1st period - Slapshot by Scott Harrington.
11:35 of 1st period - Shot Misses the Net.
11:37 of 1st period - Snap shot by Austen Brassard.
11:37 of 1st period - Shot Blocked by Christopher Breen.
11:39 of 1st period - Slapshot by Scott Harrington.
11:39 of 1st period - Stopped by Louis Domingue without a rebound.
11:40 of 1st period - Nick Drazenovic wins face-off versus Austen Brassard in Americans zone.
12:21 of 1st period - Scott Harrington is hit by Jerome Samson and loses puck.
12:32 of 1st period - Nick Drazenovic is hit by Farm Player45 and loses puck.
13:21 of 1st period - Max Reinhart is hit by Scott Harrington and loses puck.
14:08 of 1st period - Wrist shot by Shane Prince.
14:08 of 1st period - Shot Hit the Post.
14:10 of 1st period - Wrist shot by Austen Brassard.
14:10 of 1st period - Shot Misses the Net.
14:12 of 1st period - Slapshot by Morgan Ellis.
14:12 of 1st period - Stopped by Louis Domingue with a rebound.
14:14 of 1st period - Snap shot by George Parros.
14:14 of 1st period - Shot Blocked by Nate Schmidt.
14:16 of 1st period - Slapshot by Shane Prince.
14:16 of 1st period - Deflect By George Parros.
14:16 of 1st period - Goal by George Parros - Americans : 1 - Marlies : 1.
14:17 of 1st period - Kevin Sundher wins face-off versus Shane Prince in neutral zone.
14:25 of 1st period - Wrist shot by George Parros.
14:25 of 1st period - Stopped by Louis Domingue without a rebound.
14:26 of 1st period - Shane Prince wins face-off versus Kevin Sundher in Americans zone.
14:29 of 1st period - Wrist shot by George Parros.
14:29 of 1st period - Deflect By Shane Prince.
14:29 of 1st period - Stopped by Louis Domingue without a rebound.
14:30 of 1st period - Kevin Sundher wins face-off versus Shane Prince in Americans zone.
15:26 of 1st period - Jack Skille is hit by Farm Player24 and loses puck.
17:16 of 1st period - Farm Player45 is hit by Maxime Sauve.
17:58 of 1st period - Slapshot by Nate Schmidt.
17:58 of 1st period - Stopped by Tyler Beskorowany with a rebound.
19:09 of 1st period - Snap shot by Jerome Samson.
19:09 of 1st period - Stopped by Tyler Beskorowany without a rebound.
19:10 of 1st period - Nick Cousins wins face-off versus Shane Prince in Marlies zone.
19:27 of 1st period - Maxime Sauve is hit by Rich Clune and loses puck.
Goals for this period are 1 for Americans vs 1 for Marlies.
Shots for this period are 8 for Americans vs 10 for Marlies.

2nd period


0:01 of 2nd period - Max Reinhart wins face-off versus Shane Prince in neutral zone.
0:10 of 2nd period - Wrist shot by Max Reinhart.
0:10 of 2nd period - Stopped by Tyler Beskorowany with a rebound.
0:24 of 2nd period - Backhand shot by George Parros.
0:24 of 2nd period - Shot Misses the Net.
0:51 of 2nd period - Minor Penalty to Nick Drazenovic for Holding.
0:52 of 2nd period - Jerome Samson wins face-off versus Andrew Yogan in Americans zone.
1:27 of 2nd period - Wrist shot by Andrew Yogan.
1:27 of 2nd period - Goal by Andrew Yogan - Americans : 1 - Marlies : 2.
1:28 of 2nd period - George Parros wins face-off versus Nick Drazenovic in neutral zone.
1:28 of 2nd period - Davis Drewiske beats up George Parros.
1:28 of 2nd period - Penalty to George Parros for Fighting.
1:28 of 2nd period - Penalty to Davis Drewiske for Fighting.
1:29 of 2nd period - Max Reinhart wins face-off versus Shane Prince in neutral zone.
1:40 of 2nd period - Snap shot by Jack Skille.
1:40 of 2nd period - Stopped by Tyler Beskorowany with a rebound.
1:58 of 2nd period - Jerome Samson is hit by Rich Clune.
2:35 of 2nd period - Joel Armia is hit by Maxime Sauve and loses puck.
3:23 of 2nd period - Slapshot by Doug Janik.
3:23 of 2nd period - Shot Misses the Net.
3:41 of 2nd period - Jonathon Blum is hit by Max Reinhart and loses puck.
3:52 of 2nd period - Snap shot by Max Reinhart.
3:52 of 2nd period - Shot Misses the Net.
3:56 of 2nd period - Slapshot by Rasmus Ristolainen.
3:56 of 2nd period - Shot Hit the Post.
4:16 of 2nd period - Snap shot by Spencer Abbott.
4:16 of 2nd period - Shot Misses the Net.
4:18 of 2nd period - Slapshot by Nate Schmidt.
4:18 of 2nd period - Stopped by Tyler Beskorowany without a rebound.
4:19 of 2nd period - Maxime Sauve wins face-off versus Andrew Yogan in Marlies zone.
4:52 of 2nd period - Slapshot by Jack Skille.
4:52 of 2nd period - Stopped by Tyler Beskorowany without a rebound.
4:53 of 2nd period - Max Reinhart wins face-off versus Rich Clune in Marlies zone.
5:04 of 2nd period - Rich Clune is hit by Jerome Samson and loses puck.
5:31 of 2nd period - Joel Armia is hit by Rasmus Ristolainen and loses puck.
5:59 of 2nd period - Spencer Abbott is hit by Joel Armia and loses puck.
7:08 of 2nd period - Kevin Sundher is hit by George Parros and loses puck.
9:05 of 2nd period - Snap shot by Spencer Abbott.
9:05 of 2nd period - Stopped by Tyler Beskorowany without a rebound.
9:06 of 2nd period - Jason Clark wins face-off versus Nick Drazenovic in Marlies zone.
9:33 of 2nd period - Max Reinhart is hit by Morgan Ellis and loses puck.
9:41 of 2nd period - Icing by Max Reinhart.
9:42 of 2nd period - Shane Prince wins face-off versus Max Reinhart in Americans zone.
10:10 of 2nd period - Slapshot by Jake Hansen.
10:10 of 2nd period - Shot Misses the Net.
10:12 of 2nd period - Snap shot by Jake Hansen.
10:12 of 2nd period - Stopped by Louis Domingue with a rebound.
10:30 of 2nd period - Snap shot by Andrew Yogan.
10:30 of 2nd period - Stopped by Louis Domingue with a rebound.
10:32 of 2nd period - Snap shot by Andrew Yogan.
10:32 of 2nd period - Stopped by Louis Domingue with a rebound.
11:11 of 2nd period - Off-side.
11:12 of 2nd period - Nick Drazenovic wins face-off versus Jason Clark in neutral zone.
11:17 of 2nd period - Snap shot by Spencer Abbott.
11:17 of 2nd period - Stopped by Tyler Beskorowany with a rebound.
11:47 of 2nd period - Doug Janik is hit by Brendon Nash.
11:48 of 2nd period - Icing by Doug Janik.
11:49 of 2nd period - Andrew Yogan wins face-off versus Kevin Sundher in Americans zone.
12:02 of 2nd period - Snap shot by Joel Armia.
12:02 of 2nd period - Stopped by Louis Domingue with a rebound.
12:09 of 2nd period - Minor Penalty to Kale Kessy for Holding Stick.
12:10 of 2nd period - Shane Prince wins face-off versus Jerome Samson in Americans zone.
12:12 of 2nd period - Wrist shot by Rich Clune.
12:12 of 2nd period - Goal by Rich Clune - Americans : 1 - Marlies : 3.
12:13 of 2nd period - Nick Drazenovic wins face-off versus George Parros in neutral zone.
12:24 of 2nd period - Wrist shot by Rasmus Ristolainen.
12:24 of 2nd period - Shot Misses the Net.
12:34 of 2nd period - Scott Harrington is hit by Nick Drazenovic and loses puck.
13:05 of 2nd period - Wrist shot by Joel Armia.
13:05 of 2nd period - Shot Misses the Net.
13:57 of 2nd period - Doug Janik is hit by Morgan Ellis and loses puck.
14:10 of 2nd period - Brendon Nash is hit by Peter Andersson.
14:25 of 2nd period - Icing by Jake Hansen.
14:26 of 2nd period - Jake Hansen wins face-off versus Nick Cousins in Marlies zone.
15:56 of 2nd period - Jerome Samson is hit by Jake Hansen and loses puck.
16:53 of 2nd period - Snap shot by Nick Drazenovic.
16:53 of 2nd period - Deflect By George Parros.
16:53 of 2nd period - Stopped by Tyler Beskorowany with a rebound.
16:55 of 2nd period - Slapshot by Doug Janik.
16:55 of 2nd period - Stopped by Tyler Beskorowany with a rebound.
16:59 of 2nd period - Snap shot by Spencer Abbott.
16:59 of 2nd period - Deflect By Nick Drazenovic.
16:59 of 2nd period - Shot Misses the Net.
16:59 of 2nd period - Puck is out of play.
17:00 of 2nd period - Nick Drazenovic wins face-off versus George Parros in Marlies zone.
17:19 of 2nd period - Snap shot by Jack Skille.
17:19 of 2nd period - Shot Misses the Net.
17:21 of 2nd period - Slapshot by Jack Skille.
17:21 of 2nd period - Shot Blocked by George Parros.
17:31 of 2nd period - Wrist shot by Jack Skille.
17:31 of 2nd period - Stopped by Tyler Beskorowany without a rebound.
17:32 of 2nd period - Jason Clark wins face-off versus Max Reinhart in Marlies zone.
18:16 of 2nd period - Off-side.
18:17 of 2nd period - Kevin Sundher wins face-off versus Andrew Yogan in neutral zone.
18:42 of 2nd period - Jamie MacQueen is hit by Jason Clark and loses puck.
18:49 of 2nd period - Scott Harrington is hit by Kevin Sundher and loses puck.
19:15 of 2nd period - Max Reinhart is hit by George Parros and loses puck.
19:22 of 2nd period - Slapshot by George Parros.
19:22 of 2nd period - Shot Misses the Net.
19:40 of 2nd period - Maxime Sauve is hit by Joel Armia and loses puck.
19:59 of 2nd period - Wrist shot by Spencer Abbott.
19:59 of 2nd period - Deflect By Nick Drazenovic.
19:59 of 2nd period - Shot Misses the Net.
19:59 of 2nd period - Puck is out of play.
Goals for this period are 0 for Americans vs 2 for Marlies.
Shots for this period are 9 for Americans vs 6 for Marlies.

3rd period


0:01 of 3rd period - George Parros wins face-off versus Max Reinhart in neutral zone.
0:14 of 3rd period - Slapshot by Max Reinhart.
0:14 of 3rd period - Shot Blocked by Scott Harrington.
0:16 of 3rd period - Snap shot by Rasmus Ristolainen.
0:16 of 3rd period - Stopped by Tyler Beskorowany without a rebound.
0:17 of 3rd period - Max Reinhart wins face-off versus Shane Prince in Marlies zone.
0:20 of 3rd period - Snap shot by Jack Skille.
0:20 of 3rd period - Stopped by Tyler Beskorowany with a rebound.
0:22 of 3rd period - Snap shot by Max Reinhart.
0:22 of 3rd period - Shot Misses the Net.
0:24 of 3rd period - Slapshot by Nate Schmidt.
0:24 of 3rd period - Shot Misses the Net.
0:26 of 3rd period - Wrist shot by Max Reinhart.
0:26 of 3rd period - Shot Misses the Net.
0:38 of 3rd period - Slapshot by Jack Skille.
0:38 of 3rd period - Shot Blocked by Rich Clune.
0:40 of 3rd period - Slapshot by Nate Schmidt.
0:40 of 3rd period - Stopped by Tyler Beskorowany with a rebound.
0:58 of 3rd period - Slapshot by Nate Schmidt.
0:58 of 3rd period - Stopped by Tyler Beskorowany with a rebound.
1:00 of 3rd period - Wrist shot by Spencer Abbott.
1:00 of 3rd period - Stopped by Tyler Beskorowany with a rebound.
1:02 of 3rd period - Slapshot by Nate Schmidt.
1:02 of 3rd period - Shot Misses the Net.
1:04 of 3rd period - Wrist shot by Nick Drazenovic.
1:04 of 3rd period - Shot Misses the Net.
2:29 of 3rd period - Jake Hansen is hit by Jerome Samson and loses puck.
3:19 of 3rd period - Snap shot by Jerome Samson.
3:19 of 3rd period - Stopped by Tyler Beskorowany with a rebound.
3:23 of 3rd period - Wrist shot by Max Reinhart.
3:23 of 3rd period - Shot Misses the Net.
3:50 of 3rd period - Minor Penalty to Farm Player31 for Holding.
3:51 of 3rd period - Nick Drazenovic wins face-off versus George Parros in Marlies zone.
5:10 of 3rd period - Rasmus Ristolainen is hit by Scott Harrington and loses puck.
5:21 of 3rd period - Slapshot by Rasmus Ristolainen.
5:21 of 3rd period - Stopped by Tyler Beskorowany without a rebound.
5:22 of 3rd period - Shane Prince wins face-off versus Max Reinhart in Marlies zone.
5:31 of 3rd period - Snap shot by Rasmus Ristolainen.
5:31 of 3rd period - Stopped by Tyler Beskorowany without a rebound.
5:32 of 3rd period - Nick Drazenovic wins face-off versus Shane Prince in Marlies zone.
5:50 of 3rd period - Penalty to Farm Player31 is over, Farm Player31 is back on ice.
5:58 of 3rd period - Morgan Ellis is hit by Jack Skille and loses puck.
6:15 of 3rd period - Slapshot by Doug Janik.
6:15 of 3rd period - Shot Misses the Net.
7:25 of 3rd period - Off-side.
7:26 of 3rd period - Nick Cousins wins face-off versus Andrew Yogan in neutral zone.
7:53 of 3rd period - Slapshot by Andrew Yogan.
7:53 of 3rd period - Stopped by Louis Domingue with a rebound.
8:00 of 3rd period - Wrist shot by Joel Armia.
8:00 of 3rd period - Stopped by Louis Domingue with a rebound.
8:02 of 3rd period - Slapshot by Andrew Yogan.
8:02 of 3rd period - Shot Misses the Net.
8:04 of 3rd period - Snap shot by Andrew Yogan.
8:04 of 3rd period - Deflect By Rasmus Ristolainen.
8:04 of 3rd period - Shot Misses the Net.
8:04 of 3rd period - Puck is out of play.
8:05 of 3rd period - Nick Drazenovic wins face-off versus Andrew Yogan in Americans zone.
8:11 of 3rd period - Off-side.
8:12 of 3rd period - Nick Drazenovic wins face-off versus Andrew Yogan in neutral zone.
8:31 of 3rd period - Snap shot by Spencer Abbott.
8:31 of 3rd period - Deflect By Nick Drazenovic.
8:31 of 3rd period - Stopped by Tyler Beskorowany with a rebound.
9:03 of 3rd period - Max Reinhart is hit by Scott Harrington and loses puck.
9:18 of 3rd period - Nate Schmidt is hit by Farm Player45 and loses puck.
9:25 of 3rd period - Slapshot by Rasmus Ristolainen.
9:25 of 3rd period - Stopped by Tyler Beskorowany with a rebound.
9:27 of 3rd period - Wrist shot by Jamie MacQueen.
9:27 of 3rd period - Stopped by Tyler Beskorowany with a rebound.
9:29 of 3rd period - Snap shot by Kevin Sundher.
9:29 of 3rd period - Stopped by Tyler Beskorowany with a rebound.
9:31 of 3rd period - Slapshot by Davis Drewiske.
9:31 of 3rd period - Deflect By Kale Kessy.
9:31 of 3rd period - Stopped by Tyler Beskorowany with a rebound.
10:11 of 3rd period - George Parros is hit by Jerome Samson and loses puck.
10:18 of 3rd period - Rich Clune is hit by Max Reinhart and loses puck.
11:01 of 3rd period - Snap shot by Spencer Abbott.
11:01 of 3rd period - Stopped by Tyler Beskorowany without a rebound.
11:02 of 3rd period - Nick Drazenovic wins face-off versus Jason Clark in Marlies zone.
11:19 of 3rd period - Snap shot by Max Reinhart.
11:19 of 3rd period - Shot Blocked by Brendon Nash.
11:21 of 3rd period - Slapshot by Max Reinhart.
11:21 of 3rd period - Shot Misses the Net.
11:23 of 3rd period - Wrist shot by Jerome Samson.
11:23 of 3rd period - Stopped by Tyler Beskorowany with a rebound.
11:36 of 3rd period - Icing by Jason Clark.
11:37 of 3rd period - Kevin Sundher wins face-off versus Jason Clark in Marlies zone.
14:54 of 3rd period - Wrist shot by Andrew Yogan.
14:54 of 3rd period - Shot Hit the Post.
15:27 of 3rd period - Wrist shot by Spencer Abbott.
15:27 of 3rd period - Stopped by Tyler Beskorowany with a rebound.
15:29 of 3rd period - Wrist shot by Nick Drazenovic.
15:29 of 3rd period - Stopped by Tyler Beskorowany with a rebound.
15:31 of 3rd period - Slapshot by Dylan DeMelo.
15:31 of 3rd period - Shot Misses the Net.
15:33 of 3rd period - Wrist shot by Spencer Abbott.
15:33 of 3rd period - Shot Misses the Net.
15:35 of 3rd period - Snap shot by Spencer Abbott.
15:35 of 3rd period - Deflect By Rich Clune.
15:35 of 3rd period - Shot Misses the Net.
15:35 of 3rd period - Puck is out of play.
15:36 of 3rd period - Jason Clark wins face-off versus Nick Drazenovic in Marlies zone.
15:41 of 3rd period - Snap shot by Scott Harrington.
15:41 of 3rd period - Stopped by Louis Domingue with a rebound.
16:22 of 3rd period - Scott Harrington is hit by Maxime Sauve and loses puck.
17:09 of 3rd period - Minor Penalty to George Parros for Tripping.
17:10 of 3rd period - Shane Prince wins face-off versus Max Reinhart in Marlies zone.
17:22 of 3rd period - Jonathon Blum is hit by Max Reinhart and loses puck.
17:55 of 3rd period - Maxime Sauve is hit by Scott Harrington.
19:09 of 3rd period - Penalty to George Parros is over, George Parros is back on ice.
19:09 of 3rd period - Morgan Ellis is hit by Nate Schmidt.
19:25 of 3rd period - Slapshot by Rasmus Ristolainen.
19:25 of 3rd period - Shot Misses the Net.
19:50 of 3rd period - Icing by Jake Hansen.
19:51 of 3rd period - Jason Clark wins face-off versus Kevin Sundher in Marlies zone.
Goals for this period are 0 for Americans vs 0 for Marlies.
Shots for this period are 17 for Americans vs 3 for Marlies.


Output by the SimonT Hockey Simulator (STHS) for Eric Dolegowski -- Original Page W3C XHTML 1.0 Valid
Hockey Simulator - Hockey Simulation - Hockey Manager